 Dungeon Crawl Stone Soup version 0.27.1 (webtiles) character file.

Game seed: 15647185054348543275

424 Malachi the Digger (level 6, -4/45 HPs)
             Began as a Ghoul Earth Elementalist on Aug 22, 2021.
             Was a Believer of Dithmenos.
             Slain by an iguana (7 damage)
             ... on level 4 of the Dungeon.
             The game lasted 00:10:01 (4406 turns).

Malachi the Digger (Ghoul Earth Elementalist)       Turns: 4406, Time: 00:10:01

Health: -4/45      AC:  4    Str: 12    XL:     6   Next: 96%
Magic:  3/11       EV: 12    Int: 12    God:    Dithmenos [**....]
Gold:   106        SH:  0    Dex:  9    Spells: 9/13 levels left

rFire    . . .     SeeInvis .   d - +0 dagger
rCold    + . .     Faith    .   (no shield)
rNeg     + + +     Spirit   .   b - +1 robe
rPois    ∞         Reflect  .   (no helmet)
rElec    .         Harm     .   (no cloak)
rCorr    .         Rampage  .   n - +0 pair of gloves
Will     .....                  (no boots)
Stlth    ++........             (no amulet)
HPRegen  0.00/turn              h - ring of wizardry
MPRegen  0.12/turn              (no ring)

@: inhibited regen, wreathed by umbra, studying Polearms
A: claws 1, cold resistance 1, negative energy resistance 3, inhibited
regeneration, torment resistance 2
a: Renounce Religion, Shadow Step


You were on level 4 of the Dungeon.
You worshipped Dithmenos.
Dithmenos was pleased with you.
You visited 1 branch of the dungeon, and saw 4 of its levels.
You also visited: Sewer.

You collected 106 gold pieces.

Inventory:

Hand Weapons
 d - a +0 dagger (weapon)
Missiles
 s - 21 stones
Armour
 b - a +1 robe (worn)
 n - a +0 pair of gloves (worn)
Jewellery
 h - a ring of wizardry (left hand)
 q - a +4 ring of protection
 t - a +6 ring of dexterity
Scrolls
 e - a scroll of holy word {unknown}
 i - 4 scrolls of identify
 j - 4 scrolls of teleportation
 k - a scroll of noise {unknown}
 m - a scroll of acquirement {unknown}
 p - a scroll of amnesia {unknown}
 u - a scroll of magic mapping {unknown}
Potions
 a - a potion of curing {unknown}
 c - a potion of heal wounds {unknown}
 f - a potion of invisibility {unknown}
 g - a potion of haste {unknown}
 l - a potion of magic {unknown}
 o - a potion of lignification {unknown}
 r - a potion of cancellation {unknown}


   Skills:
 - Level 1.7 Dodging
 - Level 2.1 Stealth
 + Level 4.3 Spellcasting
 - Level 0.8 Transmutations
 + Level 6.3 Earth Magic


You had 9 spell levels left.
You knew the following spells:

 Your Spells              Type           Power      Damage    Failure   Level
a - Sandblast             Erth           34%        2d9       1%          1
b - Stone Arrow           Conj/Erth      20%        3d8       7%          3

Your spell library contained the following spells:

 Spells                   Type           Power      Damage    Failure   Level
 Passwall                 Tmut/Erth      9%         N/A       3%          2
 Corpse Rot               Necr/Air       N/A        N/A       13%         2
 Poisonous Vapours        Pois/Air       4%         N/A       13%         2
 Petrify                  Tmut/Erth      11%        N/A       19%         4
 Freezing Cloud           Conj/Ice/Air   1%         6-21      90%         5


Dungeon Overview and Level Annotations

Branches:
Dungeon (4/15)             Temple (0/1) D:4           Sewer (visited)

Altars:
Dithmenos


Innate Abilities, Weirdness & Mutations

You thrive by killing the living.
You are immune to poison.
You have sharp fingernails.
Your flesh is cold resistant. (rC+)
You are immune to negative energy. (rN+++)
You do not regenerate when monsters are visible.
You are immune to unholy pain and torment.


Message History

The necrophage is almost destroyed.
The necrophage hits you.
You closely miss the necrophage.
The necrophage is almost destroyed.
The necrophage closely misses you.
You hit the necrophage.
The necrophage is almost destroyed.
The necrophage closely misses you.
You closely miss the necrophage.
The necrophage is almost destroyed.
The necrophage misses you.
You hit the necrophage.
You destroy the necrophage!
Dithmenos accepts your kill.
You hit the iguana but do no damage.
The iguana bites you but does no damage.
Casting: Stone Arrow (dangerous; 7% risk of failure)
Confirm with . or Enter, or press ? or * to list all spells.
You don't have enough magic to cast this spell.
Unknown command.
You hit the iguana but do no damage. The iguana barely misses you.
You closely miss the iguana. The iguana bites you!
* * * LOW HITPOINT WARNING * * *
You barely miss the iguana. The iguana closely misses you.
You hit the iguana but do no damage. The iguana bites you.
* * * LOW HITPOINT WARNING * * *
You hit the iguana.
The iguana is lightly wounded.
The iguana closely misses you.
Unknown command.
You hit the iguana.
The iguana is lightly wounded.
The iguana misses you.
You hit the iguana but do no damage.
The iguana is lightly wounded.
The iguana closely misses you.
You hit the iguana.
The iguana is moderately wounded.
The iguana bites you!
You die...

#.. #.##.# #..######.##.# .
###......##.##.# ##..
........†)...#.####.....
.........†#..#.#... ....
######'###...#.#.##..... .
#.....#.............. #
#.....#...#.#.##...#
####.....#...#.#@#########
...'..>..#.......l>.......
(..#.....#..####.#.######
...#.....##..###.#.########
..##.....#..............l..
...###+###...............).
....... .#.#..#.........
....... ......#.........
........ .##..##.......#.


You could see an iguana.

Vanquished Creatures
  A water moccasin (Sewer)
  A necrophage (D:4)
  An orc priest (D:3)
  A hound (D:4)
  An iguana (D:3)
  5 adders
  4 worms
  4 dart slugs
  8 orcs (D:3)
  3 bats (D:1)
  9 endoplasms
  5 giant cockroaches
  6 goblins
  6 hobgoblins
  6 jackals
  4 quokkas
  4 ball pythons
  4 frilled lizards
  6 kobolds
  8 rats
87 creatures vanquished.

Notes
Turn   | Place    | Note
-------+----------+-------------------------------------------
     0 | D:1      | Malachi the Ghoul Earth Elementalist began the quest for
                  | the Orb.
     0 | D:1      | Reached XP level 1. HP: 14/14 MP: 2/2
   251 | D:1      | Reached XP level 2. HP: 13/20 MP: 0/4
   556 | D:1      | Noticed a floating eye
   558 | D:1      | Found a faded altar of an unknown god.
   560 | D:1      | Noticed a great orb of eyes
   560 | D:1      | Noticed a great orb of eyes
   560 | D:1      | Noticed a great orb of eyes
  1035 | D:1      | Became a worshipper of Dithmenos the Shadowed
  1035 | D:1      | Reached * piety under Dithmenos
  1140 | D:2      | Reached skill level 4 in Earth Magic
  1162 | D:2      | Reached XP level 3. HP: 26/26 MP: 2/5
  2026 | D:2      | Learned a level 3 spell: Stone Arrow
  2142 | D:3      | Reached XP level 4. HP: 32/33 MP: 3/7
  2433 | D:3      | Found a glowing drain.
  2437 | Sewer    | Entered a sewer
  2468 | Sewer    | Reached ** piety under Dithmenos
  2583 | Sewer    | Noticed a water moccasin
  2590 | Sewer    | Killed a water moccasin
  2591 | Sewer    | Reached skill level 5 in Earth Magic
  2591 | Sewer    | Reached XP level 5. HP: 36/38 MP: 2/9
  3167 | D:3      | Reached XP level 6. HP: 45/45 MP: 0/10
  4191 | D:4      | Found a staircase to the Ecumenical Temple.
  4366 | D:4      | Noticed a necrophage
  4371 | D:4      | Reached skill level 6 in Earth Magic
  4397 | D:4      | Killed a necrophage
  4406 | D:4      | Slain by an iguana

Illustrated notes

Levels and vault maps discovered:
D:1:      dpeg_arrival_rooms_c, layout_loops_ring,
          hellmonk_ecumenical_altar_watching_god
D:2:      layout_basic
D:3:      layout_basic, gup_sewer_entry_bowl
D:4:      layout_basic, temple_green, chequers_serial_rivers_micro_e,
          grunt_decor_junction

Skill      XL: |  1  2  3  4  5  6 |
---------------+-------------------+-----
Spellcasting   | 2 3 4 |  4.3
Earth Magic    | 4 5 6 |  6.3
Dodging        | |  1.7
Stealth        | |  2.1
Transmutations | |  0.8

Action                   |  1- 3 |  4- 6 || total
-------------------------+-------+-------++-------
Melee: Dagger            |    19 |   127 ||   146
 Cast: Sandblast         |    52 |    35 ||    87
       Stone Arrow       |       |    28 ||    28
Evoke: Wand              |       |    13 ||    13
  Use: Scroll            |     2 |       ||     2
 Stab: Sleeping          |     2 |       ||     2
Armor: Robe              |    12 |    36 ||    48
Dodge: Dodged            |    25 |   131 ||   156
